 Dungeon Crawl Stone Soup version 0.28-a0-1506-g3893175d92 (webtiles) character file.

Game seed: 13558226021729889944

584 knot the Chopper (level 7, 42/52 HPs)
             Began as a Demonspawn Berserker on Jan 14, 2022.
             Was a Believer of Trog.
             Quit the game on level 4 of the Dungeon.
             The game lasted 00:07:35 (4322 turns).

knot the Chopper (Demonspawn Berserker)             Turns: 4322, Time: 00:07:36

Health: 42/52      AC:  7    Str: 17    XL:     7   Next: 14%
Magic:  7/7        EV: 15    Int: 11    God:    Trog [**....]
Gold:   102        SH:  0    Dex: 12    Spells: 6/6 levels left

rFire   . . .      SeeInvis .   a - +0 hand axe
rCold   . . .      Faith    .   (no shield)
rNeg    . . .      Spirit   .   j - +0 ring mail
rPois   .          Reflect  .   i - +0 helmet
rElec   .          Harm     .   n - +0 cloak
rCorr   .          Rampage  .   (no gloves)
Will    ++...                   (no boots)
Stlth   +.........              (no amulet)
HPRegen 2.17/turn               e - +4 ring of evasion
MPRegen 0.10/turn               (no ring)

@: strong-willed, on berserk cooldown, regenerating, slowed, very slow
A: powered by death 1, powered by pain 1, sturdy frame 1, demonic touch 1
a: Renounce Religion, Berserk, Trog's Hand


You were on level 4 of the Dungeon.
You worshipped Trog.
Trog was pleased with you.
You visited 1 branch of the dungeon, and saw 4 of its levels.

You collected 102 gold pieces.

Inventory:

Hand Weapons
 a - a +0 hand axe (weapon)
 r - the +9 war axe "Arcanum" {chaos, rElec rC+ Dex+2 Stlth+}
   (You found it on level 2 of the Dungeon)

   Each time it hits an enemy it has a different, random effect.
   Dex:       It affects your dexterity (+2).
   rC:        It protects you from cold.
   rElec:     It insulates you from electricity.
   Stlth:     It makes you more stealthy.
Missiles
 k - 41 stones (quivered)
 x - 3 boomerangs
Armour
 i - a +0 helmet (worn)
 j - a +0 ring mail (worn)
 n - a +0 cloak (worn)
Jewellery
 e - a +4 ring of evasion (left hand)
Scrolls
 b - a scroll of blinking {unknown}
 c - a scroll of vulnerability
 d - a scroll of fog {unknown}
 g - a scroll of identify {unknown}
 m - a scroll of silence {unknown}
 o - 2 scrolls of teleportation {unknown}
 q - a scroll of summoning {unknown}
 y - a scroll of immolation {unknown}
Potions
 h - a potion of resistance {unknown}
 l - a potion of brilliance {unknown}
 p - a potion of mutation {unknown}
 s - a potion of cancellation {unknown}
 u - a potion of berserk rage {unknown}
 v - a potion of curing {unknown}
 w - a potion of heal wounds {unknown}


   Skills:
 - Level 3.0 Fighting
 * Level 6.6 Axes
 * Level 3.3 Throwing
 - Level 1.7 Armour
 - Level 1.7 Dodging


You had 6 spell levels left.
You didn't know any spells.
Your spell library contained the following spells:

 Spells                   Type           Power      Damage    Failure   Level
 Magic Dart               Conj           0%         1d3       43%         1
 Searing Ray              Conj           0%         2d4       58%         2
 Fulminant Prism          Conj/Hex       0%         3d6       99%         4


Dungeon Overview and Level Annotations

Branches:
Dungeon (4/15)
 Temple: D:4-7

Altars:

Annotations:
D:3 2 transporters


Innate Abilities, Weirdness & Mutations

You regenerate a little health from kills.
You sometimes gain a little power by taking damage.
Your movements are slightly less encumbered by armour. (ER -2)
Your touch may inflict minor irresistible damage on your foes.


Message History

Grinder blinks!
Grinder says, "Tell me all your secrets, or I'll kill you."
Grinder gestures at you. Pain shoots through your body!
You can move again.
Throw: dart (poison)
Press: ? - help, Q - select action, (/) - cycle Shift-Dir - straight line, f/p - Grinder
Aim: Grinder (almost dead, 55% to hit)
You throw a poisoned dart. The poisoned dart hits Grinder.
Grinder is almost dead.
Grinder blinks!
Grinder gestures at you.
You barely resist.
Grinder blinks!
You aren't carrying any items that you can evoke.
Your skin crawls.
You feel strong-willed.
Throw: 43 stones
Press: ? - help, Q - select action, (/) - cycle Shift-Dir - straight line, f/p - Grinder
Aim: Grinder (almost dead, 55% to hit)
You throw a stone.
The stone hits Grinder but does no damage.
Grinder is almost dead.
Grinder gestures at you. You resist with almost no effort.
Throw: 42 stones
Press: ? - help, Q - select action, (/) - cycle Shift-Dir - straight line, f/p - Grinder
Aim: Grinder (almost dead, 55% to hit)
You throw a stone.
The stone hits Grinder but does no damage.
Grinder is almost dead.
Grinder barely misses you.
You hit Grinder.
You kill Grinder!
Trog accepts your kill.
Your Throwing skill increases to level 3!
You have reached level 7!
Your demonic ancestry asserts itself...
You feel energised by your suffering.
Are you sure you want to abandon this character and quit the game? (Confirm with "yes".)

#.# #.# #### #### #.# #..
..# ##.# #.# #.# ##
...#####.#####.### #.##
#......)........# ##...##
##(#####.#...#.#.###..(..##
##.#####.......#.##.......##
.....|<#........@.(........#
##.###.##.....##.##.......#
##... ##...###.###.....##
##..###.........# ##..(##
..#.###.....### #)##
..#..$##....# .#
..#....#....# ..
..#.#####...# ##


There were no monsters in sight!

Vanquished Creatures
  Grinder (D:4)
  Crazy Yiuf (D:2)
  6 orc priests
  An iguana (D:2)
  Robin (D:4)
  A gnoll (D:1)
  4 adders
  A worm (D:3)
  4 dart slugs
  7 orcs
  10 endoplasms
  3 giant cockroaches
  12 goblins
  7 hobgoblins
  10 kobolds
  4 quokkas
  8 ball pythons
  6 bats
  2 frilled lizards
  6 rats (D:1)
95 creatures vanquished.

Notes
Turn   | Place    | Note
-------+----------+-------------------------------------------
     0 | D:1      | knot the Demonspawn Berserker began the quest for the Orb.
     0 | D:1      | Reached XP level 1. HP: 18/18 MP: 1/1
   285 | D:1      | Reached skill level 3 in Axes
   539 | D:1      | Gained mutation: Your touch may inflict minor irresistible
                  | damage on your foes. [demonic ancestry]
   539 | D:1      | Reached XP level 2. HP: 17/24 MP: 2/2
  1138 | D:1      | Gained mutation: You regenerate a little health from kills.
                  | [demonic ancestry]
  1138 | D:1      | Reached XP level 3. HP: 19/29 MP: 3/3
  1332 | D:1      | Found a faded altar of an unknown god.
  1390 | D:1      | Reached skill level 4 in Axes
  1420 | D:1      | Reached ** piety under Trog
  1810 | D:2      | Found a runed translucent door.
  1811 | D:2      | Noticed Crazy Yiuf
  1840 | D:2      | Gained mutation: Your movements are slightly less
                  | encumbered by armour. (ER -2) [demonic ancestry]
  1840 | D:2      | Reached XP level 4. HP: 35/35 MP: 4/4
  1909 | D:2      | Killed Crazy Yiuf
  2059 | D:2      | Reached skill level 5 in Axes
  2370 | D:2      | Reached XP level 5. HP: 41/41 MP: 5/5
  2437 | D:2      | Identified the +9 war axe "Arcanum" {chaos, rElec rC+ Dex+2
                  | Stlth+}
  2866 | D:3      | Reached skill level 1 in Throwing
  3266 | D:2      | Reached XP level 6. HP: 47/47 MP: 6/6
  3305 | D:3      | Reached skill level 6 in Axes
  3346 | D:3      | Found a transporter.
  3544 | D:3      | Found a transporter.
  3888 | D:4      | Noticed Robin
  4170 | D:4      | Killed Robin
  4266 | D:4      | Noticed Grinder
  4304 | D:4      | Paralysed by Grinder for 2 turns
  4308 | D:4      | Paralysed by Grinder for 7 turns
  4321 | D:4      | Killed Grinder
  4322 | D:4      | Gained mutation: You sometimes gain a little power by
                  | taking damage. [demonic ancestry]
  4322 | D:4      | Reached XP level 7. HP: 42/52 MP: 7/7
  4322 | D:4      | Quit the game

Illustrated notes

Levels and vault maps discovered:
D:1:      dpeg_arrival_concentric_ovals, layout_basic,
          nicolae_ecumenical_snake_handling
D:2:      layout_basic, uniq_crazy_yiuf_cottage
D:3:      gammafunk_steamed_eel, layout_rooms
D:4:      layout_loops_cross, nicolae_ashenzari_skybound,
          chequers_temple_overflow_statue_of_worship, serial_shops,
          nicolae_lakefront_shop, uniq_robin, uniq_eustachio, uniq_grinder

Skill      XL: |  1  2  3  4  5  6 |
---------------+-------------------+-----
Axes           | 3 4 5 6 |  6.6
Throwing       | 1 3 |  3.3
Fighting       | |  3.0
Armour         | |  1.7
Dodging        | |  1.7

Action                   |  1- 3 |  4- 6 |  7- 9 || total
-------------------------+-------+-------+-------++-------
Melee: Hand axe          |   102 |   120 |       ||   222
       Touch             |    12 |    23 |       ||    35
       Punch             |     1 |       |       ||     1
Throw: Dart              |       |    13 |       ||    13
       Boomerang         |       |     7 |       ||     7
       Stone             |       |     2 |       ||     2
Invok: Berserk           |     3 |    12 |       ||    15
       Trog's Hand       |       |     6 |       ||     6
  Use: Scroll            |       |     1 |       ||     1
Armor: Animal skin       |     5 |       |       ||     5
       Ring mail         |    14 |    42 |       ||    56
Dodge: Dodged            |    77 |    97 |       ||   174

Table legend: (Time is in decaauts)
 A = Elapsed time spent in this place.
 B = Non-inter-level travel time spent in this place.
 C = Inter-level travel time spent in this place.
 D = Time resting spent in this place.
 E = Time spent auto-exploring this place.
 F = Levels seen in this place.
 G = Mean time per level.
                   A        B        C        D        E       F      G
               +--------+--------+--------+--------+--------+-----+--------+
         Total |   4468 |   4339 |    129 |   1621 |   2026 |   4 | 1117.0 |
       Dungeon |   4468 |   4339 |    129 |   1621 |   2026 |   4 | 1117.0 |
               +--------+--------+--------+--------+--------+-----+--------+

Top non-repeatable levels by time:
     D:1: 1800 daAuts
     D:2: 1393 daAuts
     D:3: 1082 daAuts
     D:4: 191 daAuts
